 Dungeon Crawl Stone Soup version 0.28-b1-1-g3c77fb2ed1 (webtiles) character file.

Game seed: 4080219006067872389

1016 Minsecho the Fighter (level 8, 0/88 HPs)
             Began as an Ogre Arcane Marksman on Jan 30, 2022.
             Was a Follower of Okawaru.
             Killed by nerve-wracking pain
             ... invoked by an orc priest
              (12 damage)
             ... on level 6 of the Dungeon.
             The game lasted 00:16:48 (8771 turns).

Minsecho the Fighter (Ogre Arcane Marksman)         Turns: 8771, Time: 00:16:49

Health: 0/88       AC: 11    Str: 22    XL:     8   Next: 21%
Magic:  14/14      EV: 11    Int: 14    God:    Okawaru [*.....]
Gold:   311        SH:  0    Dex: 11    Spells: 15/16 levels left

rFire   + . .      SeeInvis .   j - +1 whip
rCold   + . .      Faith    .   (no shield)
rNeg    . . .      Spirit   .   a - +0 robe
rPois   +          Reflect  .   m - +2 hat
rElec   .          Harm     .   r - +1 cloak
rCorr   .          Rampage  .   (gloves unavailable)
Will    .....                   (boots unavailable)
Stlth   +.........              (no amulet)
HPRegen 0.24/turn               e - +4 ring of protection
MPRegen 0.14/turn               b - ring "Myukkuab" {rPois rF+ rC+ Str+7}

@: no status effects
A: large, unfitting armour, tough skin 1
a: Renounce Religion, Heroism


You were on level 6 of the Dungeon.
You worshipped Okawaru.
Okawaru was aware of your devotion.
You visited 1 branch of the dungeon, and saw 6 of its levels.

You collected 311 gold pieces.

Inventory:

Hand Weapons
 j - a +1 whip (weapon)
Missiles
 h - 226 stones (quivered)
Armour
 a - a +0 robe (worn)
 m - a +2 hat (worn)
 r - a +1 cloak (worn)
Jewellery
 b - the ring "Myukkuab" (right hand) {rPois rF+ rC+ Str+7}
   (You acquired it on level 5 of the Dungeon)

   [ring of protection from fire]

   Str:       It affects your strength (+7).
   rF:        It protects you from fire.
   rC:        It protects you from cold.
   rPois:     It protects you from poison.
 e - a +4 ring of protection (left hand)
Wands
 l - a wand of flame (12)
Scrolls
 c - a scroll of enchant armour
 g - a scroll of vulnerability
 q - a scroll of enchant weapon
Potions
 n - a potion of attraction
 o - a potion of curing


   Skills:
 + Level 8.0 Fighting
 - Level 0.1 Short Blades
 + Level 4.7 Maces & Flails
 + Level 4.1 Throwing
 + Level 4.7 Dodging
 + Level 1.0 Stealth
 + Level 3.1 Shields
 + Level 4.5 Spellcasting
 + Level 5.0 Hexes


You had 15 spell levels left.
You knew the following spells:

 Your Spells              Type           Power      Damage    Failure   Level
a - Slow                  Hex            68%        N/A       2%          1

Your spell library contained the following spells:

 Spells                   Type           Power      Damage    Failure   Level
 Inner Flame              Hex/Fire       10%        N/A       21%         3
 Portal Projectile        Hex/Tloc       20%        N/A       21%         3
 Cause Fear               Hex            8%         N/A       24%         4


Dungeon Overview and Level Annotations

Branches:
Dungeon (6/15)             Temple (0/1) D:6

Altars:
Dithmenos
Okawaru
Sif Muna

Annotations:
D:2 Sigmund
D:5 Edmund


Innate Abilities, Weirdness & Mutations

You are too large for most types of armour.
You have tough skin. (AC +1)


Message History

The steam dragon hisses angrily.
You whack Eustachio!
You kill Eustachio!
Okawaru accepts your kill.
You can now gain great but temporary skills.
The shadow imp disappears in a puff of smoke!
The quokka disappears in a puff of smoke!
The iron imp disappears in a puff of smoke!
The quasit disappears in a puff of smoke!
The iron imp disappears in a puff of smoke! x2
You feel sick.
Edmund is no longer moving slowly.
The steam dragon breathes steam at you. The ball of steam hits you. You resist.
* * * LOW HITPOINT WARNING * * *
Your magical contamination has completely faded away.
Your Fighting skill increases to level 8!
Your Stealth skill increases to level 1!
Your Hexes skill increases to level 5!
Press: ? - help, v - describe, . - travel An open door, spattered with blood.
There is a cloud of steam here.
You feel sick.
You feel sick.
Found a ring mail, a potion of curing and a black potion.
Found an escape hatch in the floor.
You feel sick.
You are no longer poisoned.
You see here a +0 ring mail.
There is an escape hatch in the floor here.
The steam dragon breathes steam at you. The ball of steam hits you. You resist.
* * * LOW HITPOINT WARNING * * *
You slide downwards.
The hatch slams shut behind you.
The orc warrior shouts!
The orc priest shouts!
The orc priest mumbles some strange prayers to Beogh against you.
Beogh smites you!
* * * LOW HITPOINT WARNING * * *
A water moccasin zombie comes into view.
The orc priest mumbles some strange prayers to Beogh against you.
Pain shoots through your body!
You die...

## ##.###
##....#
#...o.##
#....o>#
#.@..o.#
#...oo.##
#......#
#.........
#...P.......
#P..........
#...Z.......
###.........


You could see an orc warrior, 2 orc priests, an orc wizard, an orc (wandering)
and a water moccasin zombie.

Vanquished Creatures
  Eustachio (D:5)
  An ogre (D:4)
  A kobold brigand (D:4)
  A scorpion (D:3)
  A water moccasin zombie (D:5)
  A centaur zombie (D:6)
  A howler monkey (D:4)
  A centaur skeleton (D:6)
  Ijyb (D:4)
  An iguana (D:5)
  An orc wizard (D:4)
  Natasha (thrice) (D:2)
  8 gnolls
  A howler monkey skeleton (D:5)
  6 adders
  An ufetubus (D:4)
  3 adder skeletons (D:4)
  2 worms (D:3)
  2 dart slugs
  12 orcs
  12 ball pythons
  7 endoplasms
  3 giant cockroaches
  10 hobgoblins
  4 jackals
  5 kobolds
  6 quokkas
  5 bats
  7 frilled lizards
  4 goblins
  9 rats
121 creatures vanquished.

Vanquished Creatures (others)
  An orc wizard (D:4)
  6 fungi (D:1)
  5 toadstools (D:1)
  2 withered plants (D:6)
14 creatures vanquished.

Grand Total: 135 creatures vanquished

Notes
Turn   | Place    | Note
-------+----------+-------------------------------------------
     0 | D:1      | Minsecho the Ogre Arcane Marksman began the quest for the
                  | Orb.
     0 | D:1      | Reached XP level 1. HP: 19/19 MP: 2/2
   285 | D:1      | Reached XP level 2. HP: 23/27 MP: 3/3
  1239 | D:1      | Reached XP level 3. HP: 25/33 MP: 4/4
  2479 | D:2      | Noticed Sigmund
  2560 | D:2      | Reached skill level 7 in Fighting
  2560 | D:2      | Reached XP level 4. HP: 25/55 MP: 6/10
  3551 | D:2      | Reached XP level 5. HP: 38/62 MP: 11/11
  4372 | D:2      | Found a faded altar of an unknown god.
  4445 | D:2      | Noticed Natasha
  4456 | D:2      | Killed Natasha
  4579 | D:2      | Noticed Natasha
  4581 | D:2      | Killed Natasha
  4655 | D:2      | Noticed Natasha
  4679 | D:2      | Killed Natasha
  4680 | D:2      | Reached XP level 6. HP: 39/71 MP: 12/12
  5347 | D:3      | Found a shadowy altar of Dithmenos.
  6604 | D:3      | Reached XP level 7. HP: 66/78 MP: 13/13
  6940 | D:4      | Found an iron altar of Okawaru.
  6949 | D:4      | Became a worshipper of Warmaster Okawaru
  7397 | D:4      | Found a shimmering blue altar of Sif Muna.
  7672 | D:5      | Entered Level 5 of the Dungeon
  7760 | D:5      | Noticed Eustachio
  7852 | D:5      | Noticed Edmund
  7867 | D:6      | Found a staircase to the Ecumenical Temple.
  8001 | D:5      | Noticed Ijyb
  8055 | D:5      | Identified a scroll of acquirement
  8055 | D:5      | Acquired the ring "Myukkuab" {rPois rF+ rC+ Str+7}
  8378 | D:4      | Killed Ijyb
  8379 | D:4      | Reached XP level 8. HP: 60/88 MP: 14/14
  8760 | D:5      | Killed Eustachio
  8760 | D:5      | Reached * piety under Okawaru
  8761 | D:5      | Reached skill level 8 in Fighting
  8761 | D:5      | Reached skill level 1 in Stealth
  8761 | D:5      | Reached skill level 5 in Hexes
  8771 | D:6      | Killed from afar by an orc priest

Illustrated notes

Levels and vault maps discovered:
D:1:      saegor_arrival_simple_b, layout_basic, minmay_gold_behind_fungi,
          minmay_misc_feat_columns
D:2:      layout_basic, ebering_ecumenical_altar_hall, uniq_natasha,
          uniq_sigmund
D:3:      minmay_octagon_keep, layout_loops_cross,
          mainiacjoe_overflow_boulevard, minmay_misc_feat_tiny,
          minmay_hedge_maze, st_stairs_9
D:4:      layout_loops_cross, marbit_many_paths, nicolae_overflow_crystal_walls,
          chequers_arboretum
D:5:      layout_basic, mainiacjoe_overflow_brackets, uniq_ijyb, uniq_eustachio,
          uniq_edmund
D:6:      layout_cave_pools, minmay_temple_entry_crystal_x, serial_undead,
          serial_undead_c, serial_undead_e, serial_undead_f, serial_undead_e,
          serial_undead_b, serial_undead_c, lemuel_flamethrower_2

Skill      XL: |  1  2  3  4  5  6  7  8 |
---------------+-------------------------+-----
Hexes          | 3 4 5 |  5.0
Dodging        | 2 4 |  4.7
Fighting       | 7 8 |  8.0
Maces & Flails | 3 4 |  4.7
Throwing       | 4 |  4.1
Shields        | 3 |  3.1
Spellcasting   | 4 |  4.5
Stealth        | 1 |  1.0
Short Blades   | |  0.1

Action                   |  1- 3 |  4- 6 |  7- 9 || total
-------------------------+-------+-------+-------++-------
Melee: Unarmed           |    57 |       |       ||    57
       Dagger            |    87 |       |       ||    87
       Punch             |     2 |     3 |     3 ||     8
       Club              |    57 |   141 |       ||   198
       Whip              |       |   267 |   336 ||   603
Throw: Large rock        |    11 |     5 |     6 ||    22
       Throwing net      |     3 |       |       ||     3
       Stone             |     5 |     4 |     3 ||    12
 Cast: Slow              |    14 |    23 |     8 ||    45
Evoke: Wand              |       |     5 |     2 ||     7
  Use: Potion            |     1 |       |     1 ||     2
       Scroll            |       |       |     8 ||     8
 Stab: Sleeping          |       |     2 |     1 ||     3
       Fleeing           |       |       |     1 ||     1
Armor: Robe              |   132 |   107 |   183 ||   422
Dodge: Dodged            |   156 |   156 |   234 ||   546
